 Dungeon Crawl Stone Soup version 0.30-a0-347-gf58ed5266c (webtiles) character file.

Game seed: 11060017568501310103

143 HoaS the Skirmisher (level 5, -3/30 HPs)
             Began as a Kobold Hunter on Nov 5, 2022.
             Killed from afar by Ijyb (17 damage)
             ... with a bolt of dispelling energy
             ... on level 3 of the Dungeon.
             The game lasted 00:04:24 (1767 turns).

HoaS the Skirmisher (Kobold Hunter)                 Turns: 1767, Time: 00:04:25

Health: -3/30      AC:  4    Str:  8    XL:     5   Next: 50%
Magic:  5/5        EV: 14    Int: 10    God:
Gold:   170        SH:  0    Dex: 21    Spells: 4/4 levels left

rFire   . . .      SeeInvis .    a - +0 shortbow
rCold   . . .      Faith    .    (shield currently unavailable)
rNeg    . . .      Spirit   .    c - +0 leather armour
rPois   .          Reflect  .    i - +0 helmet
rElec   .          Harm     .    (no cloak)
rCorr   .          Rampage  .    (no gloves)
Will    .....                    (no boots)
Stlth   +++.......               (no amulet)
HPRegen 0.25/turn                (no ring)
MPRegen 0.09/turn                (no ring)

@: no status effects
A: small, no large weapons, nightstalker 3
a: no special abilities


You were on level 3 of the Dungeon.
You visited 1 branch of the dungeon, and saw 3 of its levels.

You collected 170 gold pieces.

Inventory:

Hand Weapons
 a - a +0 shortbow (weapon)
Armour
 c - a +0 leather armour (worn)
 i - a +0 helmet (worn)
Scrolls
 b - a scroll of immolation
 d - 3 scrolls of identify
 f - 2 scrolls of teleportation
 g - a scroll of magic mapping
 k - a scroll of blinking {unknown}
Potions
 e - 2 potions of flight {unknown}
 h - a potion of brilliance {unknown}
 j - a potion of heal wounds {unknown}
 l - 2 potions of curing


   Skills:
 - Level 2.1 Fighting
 * Level 8.4 Ranged Weapons
 - Level 2.4 Dodging
 - Level 1.3 Stealth


You had 4 spell levels left.
You didn't know any spells.
Your spell library was empty.

Dungeon Overview and Level Annotations

Branches:
Dungeon (3/15)

Altars:
Trog

Annotations:
D:2 1 runed translucent door, Crazy Yiuf
D:3 Ijyb


Innate Abilities, Weirdness & Mutations

You are small and have problems with some larger weapons.
You are completely attuned to the shadows.


Message History

There is an open door here.
You open the door.
There is an open door here.
You open the door.
There is an open door here.
You open the door.
There is an open door here.
There is an open door here.
There is an open door here.
You open the door.
There is an open door here.
Ijyb the Twisted Goblin comes into view.
She is wielding a +0 dagger, wearing a +2 chain mail of cold resistance and carrying a wand of quicksilver (10).
Found a robe.
Ijyb is nearby!
Ijyb is nearby!
You shoot an arrow. The arrow hits Ijyb.
Ijyb shouts!
Ijyb is moderately wounded.
Ijyb zaps a wand.
The bolt of dispelling energy hits you!
Ouch! That really hurt!
You are too injured to fight recklessly!
You are too injured to fight recklessly!
You are too injured to fight recklessly!
Ijyb hits you with a +0 dagger.
You shoot an arrow. The arrow hits Ijyb but does no damage.
Ijyb is moderately wounded.
Ijyb misses you.
You shoot an arrow. The arrow hits Ijyb but does no damage.
Ijyb is moderately wounded.
Ijyb zaps a wand.
The bolt of dispelling energy misses you.
You shoot an arrow. The arrow hits Ijyb.
Ijyb is heavily wounded.
Ijyb zaps a wand.
The bolt of dispelling energy misses you.
You shoot an arrow. The arrow hits Ijyb but does no damage.
Ijyb is heavily wounded.
Ijyb zaps a wand.
The bolt of dispelling energy hits you!
Ouch! That really hurt!
You die...

### #.' #.# #.# #.#
#.# #.###. #.'
####.... ##.# ....g.#
#..#
###.@#############.##
....................<
....##############.#.
.##[ #####....#. ##
...........
####.#####. #.# #.
#.# #. ##.# #.


You could see Ijyb.

Vanquished Creatures
  Terence (D:2)
  Natasha (D:2)
  2 adders
  2 worms (D:2)
  3 dart slugs
  An orc (D:3)
  3 ball pythons
  5 endoplasms
  2 giant cockroaches
  7 goblins
  5 hobgoblins
  7 jackals
  4 kobolds
  3 quokkas
  5 bats
  5 frilled lizards
  5 rats
61 creatures vanquished.

Notes
Turn   | Place    | Note
-------+----------+-------------------------------------------
     0 | D:1      | HoaS the Kobold Hunter began the quest for the Orb.
     0 | D:1      | Reached XP level 1. HP: 12/12 MP: 1/1
    75 | D:1      | Reached XP level 2. HP: 17/17 MP: 2/2
   115 | D:1      | Reached skill level 6 in Ranged Weapons
   276 | D:1      | Reached XP level 3. HP: 21/21 MP: 3/3
   876 | D:1      | Reached skill level 7 in Ranged Weapons
   885 | D:1      | Reached XP level 4. HP: 11/26 MP: 4/4
  1026 | D:2      | Noticed Terence
  1037 | D:2      | Killed Terence
  1121 | D:2      | Noticed Natasha
  1129 | D:2      | Killed Natasha
  1130 | D:2      | Reached skill level 8 in Ranged Weapons
  1130 | D:2      | Reached XP level 5. HP: 20/30 MP: 5/5
  1180 | D:2      | Found a runed translucent door.
  1183 | D:2      | Noticed Crazy Yiuf
  1671 | D:3      | Found a bloodstained altar of Trog.
  1761 | D:3      | Noticed Ijyb
  1767 | D:3      | Killed from afar by Ijyb

Illustrated notes

Levels and vault maps discovered:
D:1:      spicycebolla_arrival_xxxplode, layout_basic,
          amcnicky_mini_corridor_feature
D:2:      layout_rooms, uniq_crazy_yiuf_cottage, uniq_terence, uniq_natasha
D:3:      layout_rooms, nicolae_overflow_ecumenical_swirl,
          nicolae_hepliaklqana_ecumenical_no_more, mainiacjoe_overflow_24_doors,
          minmay_three_crescents, uniq_ijyb, uniq_grinder

Skill      XL: |  1  2  3  4 |
---------------+-------------+-----
Ranged Weapons | 6 7 8 |  8.4
Fighting       | |  2.1
Dodging        | |  2.4
Stealth        | |  1.3

Action                   |  1- 3 |  4- 6 || total
-------------------------+-------+-------++-------
 Fire: Shortbow          |    84 |    83 ||   167
  Use: Scroll            |     4 |     1 ||     5
       Potion            |     1 |       ||     1
Armor: Leather armour    |    24 |    10 ||    34
Dodge: Dodged            |    51 |    35 ||    86

Table legend: (Time is in decaauts)
 A = Elapsed time spent in this place.
 B = Non-inter-level travel time spent in this place.
 C = Inter-level travel time spent in this place.
 D = Time resting spent in this place.
 E = Time spent auto-exploring this place.
 F = Levels seen in this place.
 G = Mean time per level.
                   A        B        C        D        E       F      G
               +--------+--------+--------+--------+--------+-----+--------+
         Total |   1801 |   1758 |     43 |    346 |   1094 |   3 |  600.3 |
       Dungeon |   1801 |   1758 |     43 |    346 |   1094 |   3 |  600.3 |
               +--------+--------+--------+--------+--------+-----+--------+

Top non-repeatable levels by time:
     D:1: 840 daAuts
     D:2: 681 daAuts
     D:3: 279 daAuts
